 Dungeon Crawl Stone Soup version 0.28-a0-1613-gdaab1c2f9b (webtiles) character file.

Game seed: 806817894924749469

103 hashsling the Firebug (level 4, -1/38 HPs)
             Began as a Hill Orc Fire Elementalist on Jan 21, 2022.
             Slain by a gnoll (3 damage)
             ... on level 3 of the Dungeon.
             The game lasted 00:11:55 (2619 turns).

hashsling the Firebug (Hill Orc Fire Elementalist)  Turns: 2619, Time: 00:11:55

Health: -1/38      AC:  3    Str: 10    XL:     4   Next: 79%
Magic:  1/6        EV: 11    Int: 17    God:
Gold:   63         SH:  0    Dex: 11    Spells: 3/6 levels left

rFire   . . .      SeeInvis .   e - +0 mace
rCold   . . .      Faith    .   (no shield)
rNeg    . . .      Spirit   .   h - +0 leather armour
rPois   .          Reflect  .   (no helmet)
rElec   .          Harm     .   (no cloak)
rCorr   .          Rampage  .   (no gloves)
Will    .....                   (no boots)
Stlth   +.........              (no amulet)
HPRegen 0.12/turn               (no ring)
MPRegen 0.10/turn               (no ring)

@: no status effects
A: no striking features
a: no special abilities


You were on level 3 of the Dungeon.
You visited 1 branch of the dungeon, and saw 3 of its levels.

You collected 87 gold pieces.
You spent 24 gold pieces at shops.

Inventory:

Hand Weapons
 e - a +0 mace (weapon)
Armour
 a - a +0 robe
 f - a +0 ring mail
 h - a +0 leather armour (worn)
Scrolls
 c - a scroll of blinking {unknown}
 d - a scroll of teleportation {unknown}
 i - a scroll of brand weapon {unknown}
 k - a scroll of holy word {unknown}
 l - a scroll of enchant armour {unknown}
Potions
 b - a potion of haste {unknown}
 g - a potion of curing
 j - a potion of degeneration {unknown}


   Skills:
 * Level 3.4 Fighting
 + Level 1.6 Armour
 - Level 2.0 Dodging
 - Level 1.5 Stealth
 - Level 1.5 Spellcasting
 - Level 1.0 Conjurations
 + Level 4.0 Fire Magic


You had 3 spell levels left.
You knew the following spells:

 Your Spells              Type           Power      Damage    Failure   Level
a - Foxfire               Conj/Fire      36%        2x1d5     10%         1
b - Scorch                Fire           30%        2d6       8%          2

Your spell library contained the following spells:

 Spells                   Type           Power      Damage    Failure   Level
 Conjure Flame            Conj/Fire      9%         6-21      28%         3
 Inner Flame              Hex/Fire       8%         N/A       34%         3
 Corpse Rot               Necr/Air       2%         N/A       38%         2
 Flame Wave               Conj/Fire      9%         2d5       67%         4
 Dispel Undead            Necr           1%         3d6       95%         4
 Death Channel            Necr           0%         N/A       100%        6


Dungeon Overview and Level Annotations

Branches:
Dungeon (3/15)

Altars:

Shops:
D:2 ?

Annotations:
D:2 Natasha
D:3 3 runed translucent doors, AuraOfTheDawn's ghost, amateur DjGl


Message History

The gnoll hits you with a +0 club.
You hit the gnoll.
The gnoll is severely wounded.
The gnoll closely misses you.
The gnoll is no longer more vulnerable to fire.
The gnoll hits you with a +0 club.
You hit the gnoll.
You kill the gnoll!
You closely miss the gnoll.
The gnoll is heavily wounded.
The gnoll misses you.
Casting: Scorch (safe; 8% risk of failure)
Confirm with . or Enter, or press ? or * to list all spells.
Flames lash the gnoll.
The gnoll is severely wounded.
The gnoll's fire resistance burns away.
The gnoll barely misses you. The gnoll hits you with a +0 whip.
You barely miss the gnoll.
The gnoll is severely wounded.
The gnoll hits you but does no damage. The gnoll hits you with a +0 whip.
You closely miss the gnoll.
The gnoll is severely wounded.
The gnoll barely misses you. The gnoll closely misses you. x2
You barely miss the gnoll.
The gnoll is severely wounded.
The gnoll is no longer more vulnerable to fire.
The gnoll hits you with a +0 whip. The gnoll misses you.
The gnoll hits you with a +0 whip.
* * * LOW HITPOINT WARNING * * *
You closely miss the gnoll.
The gnoll is severely wounded.
The gnoll hits you with a +0 whip.
* * * LOW HITPOINT WARNING * * *
The gnoll hits you with a +0 whip.
* * * LOW HITPOINT WARNING * * *
The gnoll closely misses you.
You feel better. The gnoll hits you with a +0 whip.
* * * LOW HITPOINT WARNING * * *
The gnoll hits you with a +0 whip.
You die...

#.......# ### #.#####.# ....
#.#####.########## #....
.................####### .....
#.#.#.........................
#.#...#..#######.#######......
#.##..#..# #.# #........
#.##..#..# #g#####.###...
....>....# #@gg...........
##.#..##.# ######.........
##.#..##.# #..#######
.......... #..# ......##.#
#..# ##......... ...#
#######... .#.# # . .# ###


You could see 3 gnolls.

Vanquished Creatures
  Natasha (D:2)
  A gnoll (D:3)
  An adder (D:2)
  2 dart slugs
  2 ball pythons (D:2)
  3 bats
  5 endoplasms
  4 giant cockroaches
  7 goblins
  5 hobgoblins
  7 jackals
  2 kobolds
  3 quokkas
  5 frilled lizards
  4 rats
52 creatures vanquished.

Vanquished Creatures (others)
  54 foxfires
  4 toadstools (D:1)
58 creatures vanquished.

Grand Total: 110 creatures vanquished

Notes
Turn   | Place    | Note
-------+----------+-------------------------------------------
     0 | D:1      | hashsling the Hill Orc Fire Elementalist began the quest
                  | for the Orb.
     0 | D:1      | Reached XP level 1. HP: 14/14 MP: 3/3
   166 | D:1      | Reached skill level 1 in Fighting
   216 | D:1      | Reached XP level 2. HP: 19/23 MP: 4/4
   269 | D:1      | Learned a level 2 spell: Scorch
   795 | D:1      | Reached XP level 3. HP: 29/29 MP: 3/5
   963 | D:2      | Found a faded altar of an unknown god.
  1255 | D:2      | Reached skill level 1 in Armour
  1258 | D:2      | Reached XP level 4. HP: 34/37 MP: 1/6
  1512 | D:2      | Noticed Natasha
  1535 | D:2      | Killed Natasha
  1536 | D:2      | Reached skill level 4 in Fire Magic
  1786 | D:2      | Found Dodoevvyi's Magic Scroll Emporium.
  1792 | D:2      | Bought a scroll of identify for 24 gold pieces
  1860 | D:2      | Noticed Natasha
  2427 | D:3      | Noticed AuraOfTheDawn's ghost (amateur DjGl)
  2450 | D:3      | Found a runed translucent gate.
  2450 | D:3      | Found a runed translucent gate.
  2450 | D:3      | Found a runed translucent gate.
  2619 | D:3      | Slain by a gnoll

Illustrated notes

Levels and vault maps discovered:
D:1:      ldierk_walled_garden_2, layout_basic
D:2:      layout_loops_ring, hellmonk_ecumenical_altar_dog_temple, serial_shops,
          nicolae_shop_crystal, uniq_natasha
D:3:      layout_loops_ring, gammafunk_ghost_split, minmay_vboxes

Skill      XL: |  1  2  3  4 |
---------------+-------------+-----
Fighting       | 1 2 3 |  3.4
Dodging        | 2 |  2.0
Armour         | 1 |  1.6
Fire Magic     | 4 |  4.0
Stealth        | |  1.5
Spellcasting   | |  1.5
Conjurations   | |  1.0

Action                   |  1- 3 |  4- 6 || total
-------------------------+-------+-------++-------
Melee: Unarmed           |    15 |       ||    15
       Mace              |    59 |    50 ||   109
       Punch             |     1 |       ||     1
 Cast: Foxfire           |    27 |     6 ||    33
       Scorch            |     4 |     9 ||    13
  Use: Scroll            |       |     1 ||     1
       Potion            |       |     1 ||     1
 Stab: Sleeping          |     1 |       ||     1
Armor: Robe              |     6 |       ||     6
       Leather armour    |    18 |    12 ||    30
Dodge: Dodged            |    60 |    37 ||    97

Table legend: (Time is in decaauts)
 A = Elapsed time spent in this place.
 B = Non-inter-level travel time spent in this place.
 C = Inter-level travel time spent in this place.
 D = Time resting spent in this place.
 E = Time spent auto-exploring this place.
 F = Levels seen in this place.
 G = Mean time per level.
                   A        B        C        D        E       F      G
               +--------+--------+--------+--------+--------+-----+--------+
         Total |   2645 |   2624 |     21 |      0 |   1964 |   3 |  881.7 |
       Dungeon |   2645 |   2624 |     21 |      0 |   1964 |   3 |  881.7 |
               +--------+--------+--------+--------+--------+-----+--------+

Top non-repeatable levels by time:
     D:2: 1424 daAuts
     D:1: 953 daAuts
     D:3: 267 daAuts
